[Event "fics rated crazyhouse match"]
[Site "fics, Oklahoma City, OK USA"]
[Date "2000.11.26"]
[White "LINDEGREN"]
[WhiteElo "2402"]
[Black "Gobi"]
[BlackElo "2331"]
[TimeControl "60+0"]
[Result "1-0"]

1. e4 Nf6 2. Nc3 e5 3. Nf3 Nc6 4. Bc4 Be7 5. O-O O-O 6. d3 
d6 7. Be3 Bg4 8. h3 Bh5 9. Ne2 Bxf3 10. gxf3 d5 11. exd5 Nxd5 
12. Bxd5 Qxd5 13. P@g2 N@h4 14. B@e4 Qd7 15. N@f5 Nxf5 16. Bxf5 Qxf5 17. Ng3 
Qd7 18. f4 P@d4 19. fxe5 dxe3 20. P@f6 Bc5 21. fxg7 exf2+ 22. Kh2 B@h4 
23. gxf8=Q+ Bxf8 24. N@f6+ Bxf6 25. exf6 B@f4 26. P@g7 Bxg3+ 27. Kh1 Bxg7 28. fxg7 
B@h6 29. B@f6 Bxg7 30. Bxg7 N@e3 31. B@f6 
{Gobi forfeits on time} 1-0

[Event "fics rated crazyhouse match"]
[Site "fics, Oklahoma City, OK USA"]
[Date "2000.11.26"]
[White "Gobi"]
[WhiteElo "2325"]
[Black "LINDEGREN"]
[BlackElo "2408"]
[TimeControl "60+0"]
[Result "1-0"]

1. e4 Nf6 2. d4 Nc6 3. e5 Ne4 4. Nc3 d5 5. exd6 Nxd6 6. Nf3 
e6 7. Be2 Nf5 8. d5 exd5 9. Nxd5 Be6 10. P@e4 Nd6 11. Bf4 Be7 
12. P@c5 Bxd5 13. exd5 Nf5 14. dxc6 bxc6 15. B@d7+ Qxd7 16. Qxd7+ Kxd7 17. Ne5+ 
Ke8 18. Q@d7+ Kf8 19. Qxf5 B@e6 20. N@d7+ Ke8 21. Qxe6 fxe6 22. B@f7+ Kd8 
23. Bxe6 Bxc5 24. Nxc5 Q@b4+ 25. B@c3 Qxf4 26. N@b7+ Ke7 27. Nxc6+ Ke8 28. P@d7+ 
Kf8 29. P@e7# 
{LINDEGREN checkmated} 1-0

[Event "fics rated crazyhouse match"]
[Site "fics, Oklahoma City, OK USA"]
[Date "2000.11.26"]
[White "LINDEGREN"]
[WhiteElo "2398"]
[Black "Gobi"]
[BlackElo "2335"]
[TimeControl "60+0"]
[Result "1-0"]

1. e4 Nf6 2. Nc3 e5 3. Nf3 Nc6 4. Bc4 Be7 5. O-O O-O 6. d3 
d6 7. Be3 Bg4 8. h3 Bxf3 9. Qxf3 N@d4 10. Bxd4 Nxd4 11. Qd1 c6 
12. N@f5 B@g6 13. Nxd4 exd4 14. Ne2 d5 15. exd5 cxd5 16. Bb3 P@e5 17. B@g3 
N@d7 18. P@g5 Nh5 19. Bxd5 Qb6 20. P@f6 Nhxf6 21. gxf6 Nxf6 22. Bf3 P@f4 
23. Nxf4 exf4 24. Bxf4 P@e3 25. P@h6 exf2+ 26. Rxf2 P@e3 27. Rf1 N@f2 28. Qe2 
Qxb2 29. Kh2 Bxd3 30. cxd3 Qxe2 31. Bxe2 P@h4 32. Q@h8+ Kxh8 33. hxg7+ Kxg7 
34. N@f5+ Kg8 35. N@h6+ Kh8 36. P@g7# 
{Gobi checkmated} 1-0

[Event "fics rated crazyhouse match"]
[Site "fics, Oklahoma City, OK USA"]
[Date "2000.11.26"]
[White "Gobi"]
[WhiteElo "2328"]
[Black "LINDEGREN"]
[BlackElo "2405"]
[TimeControl "60+0"]
[Result "1-0"]

1. e4 Nf6 2. Nc3 Nc6 3. Nf3 d5 4. Bb5 Nxe4 5. Nxe4 dxe4 6. Ng5 
e6 7. Nxe4 Be7 8. O-O Bd7 9. d3 Nd4 10. Bxd7+ Qxd7 11. B@h5 B@g6 
12. N@e5 Bxh5 13. Qxh5 B@g6 14. Qh3 P@e2 15. Re1 Qd5 16. Nxg6 fxg6 17. B@c4 
Qd7 18. B@e5 Nf5 19. P@g4 Nd6 20. Nxd6+ cxd6 21. Bxg7 Rg8 22. Qxh7 O-O-O 
23. Rxe2 Rxg7 24. Qxg7 B@f6 25. Bxe6 Qxe6 26. Rxe6 Bxg7 27. R@c7+ Kb8 28. Rxb7+ 
Kxb7 29. N@a5+ Kc7 30. Q@b7# 
{LINDEGREN checkmated} 1-0

[Event "fics rated crazyhouse match"]
[Site "fics, Oklahoma City, OK USA"]
[Date "2000.11.26"]
[White "venomous"]
[WhiteElo "2357"]
[Black "RFrancisco"]
[BlackElo "2325"]
[TimeControl "120+0"]
[Result "1-0"]

1. e4 Nf6 2. Nc3 d5 3. exd5 Nxd5 4. Bc4 e6 5. Nh3 Nxc3 6. bxc3 
P@d5 7. Bb5+ Bd7 8. Bxd7+ Nxd7 9. O-O Bd6 10. N@h5 Rg8 11. d4 B@g6 
12. N5f4 Bxf4 13. Nxf4 Nf6 14. B@h4 N@f5 15. Bxf6 gxf6 16. P@g4 Nh4 17. N@h6 
Rg7 18. B@h8 Kf8 19. Ba3+ B@d6 20. Bxg7+ Kxg7 21. Bxd6 cxd6 22. B@e3 B@e4 
23. f3 B@g5 24. fxe4 dxe4 25. R@g8+ Qxg8 26. Nxg8 Rxg8 27. Nxg6 Bxe3+ 28. B@f2 
N@h3+ 29. gxh3 N@f3+ 30. Qxf3 Nxf3+ 31. Kh1 hxg6 32. B@g2 Bxf2 33. Rxf2 B@e3 
34. N@g3 Bxf2 35. N@h5+ Kf8 36. Q@d8# 
{RFrancisco resigns} 1-0

[Event "fics rated crazyhouse match"]
[Site "fics, Oklahoma City, OK USA"]
[Date "2000.11.26"]
[White "RFrancisco"]
[WhiteElo "2318"]
[Black "venomous"]
[BlackElo "2364"]
[TimeControl "120+0"]
[Result "0-1"]

1. e4 e6 2. Nc3 Nc6 3. d4 Nf6 4. Nf3 Bb4 5. e5 Ne4 6. Bd3 
Bxc3+ 7. bxc3 Nxc3 8. Bg5 P@e7 9. Qd2 Nd5 10. c4 Ndb4 11. O-O Nxd3 
12. Qxd3 B@g6 13. Qd2 N@e4 14. Qf4 Nxg5 15. Qxg5 B@e4 16. Qe3 Bxf3 17. gxf3 
Nxd4 18. B@g2 Nc2 19. Qd2 Nxa1 20. Rxa1 P@c2 21. N@c3 N@b1 22. Nxb1 cxb1=Q+ 
23. Rxb1 Bxb1 24. N@h5 R@g6 25. N@f4 R@g8 26. Nxg6 hxg6 27. Nf4 N@h4 28. B@g3 
Nxg2 29. Kxg2 B@g5 30. P@h3 Bxf4 31. Qxf4 N@e2 32. Qe3 Nxg3 33. fxg3 N@f5 
34. Qe2 B@d3 35. Qf2 Bxc4 36. B@e4 Bbxa2 37. N@g5 P@e2 38. Nxf7 Kxf7 39. N@g5+ 
Kf8 40. P@f7 N@h6 41. fxg8=Q+ Kxg8 42. N@e3 P@d2 43. Nxf5 exf5 44. Bxf5 e1=N+ 
45. Kg1 d1=Q 46. Bxg6 Nxf3+ 47. Kg2 N@e1+ 48. Kh1 P@g2# 
{RFrancisco resigns} 0-1

[Event "fics rated crazyhouse match"]
[Site "fics, Oklahoma City, OK USA"]
[Date "2000.11.26"]
[White "venomous"]
[WhiteElo "2371"]
[Black "RFrancisco"]
[BlackElo "2311"]
[TimeControl "120+0"]
[Result "1-0"]

1. e4 Nf6 2. Nc3 d5 3. exd5 Nxd5 4. Bc4 e6 5. Nf3 Nc6 6. d4 
Be7 7. O-O Rg8 8. Bd3 P@f5 9. Re1 Nxc3 10. bxc3 Bd7 11. Rb1 Rb8 
12. Bd2 Kf8 13. c4 Bf6 14. d5 Nd4 15. Nxd4 Bxd4 16. P@e3 Be5 17. N@f3 
Bd6 18. dxe6 fxe6 19. P@e5 Be7 20. N@f4 P@f6 21. exf6 gxf6 22. P@g3 P@e5 
23. Ne2 e4 24. Nfd4 exd3 25. cxd3 B@h5 26. P@d5 e5 27. Ne6+ Bxe6 28. dxe6 
N@g5 29. B@h6+ Rg7 30. Bxg5 fxg5 31. N@d7+ Kg8 32. Nxb8 Qxb8 33. Bc3 B@f6 
34. Rb5 N@f8 35. Bxe5 Nxe6 36. Bxf6 Bxf6 37. B@d5 B@f7 38. Rxb7 Qe8 39. R@b8 
N@d8 40. Bxe6 Bxe6 41. P@d5 Bef7 42. N@c6 P@h3 43. Nxd8 Bxd8 44. N@c6 hxg2 
45. Nxd8 N@f3+ 46. Kxg2 P@h3+ 47. Kxh3 g4+ 48. Kg2 Bxd5 49. Nf4 Nxe1+ 50. Kf1 
R@h1+ 51. B@g1 Rxg1+ 52. Kxg1 N@f3+ 53. Kf1 P@g2+ 54. Ke2 g1=N+ 55. Kf1 B@h3+ 
56. P@g2 Bxg2+ 57. Nxg2 Nxg2 58. Ne6 Nxe3+ 59. fxe3 
{RFrancisco forfeits on time} 1-0

[Event "fics rated crazyhouse match"]
[Site "fics, Oklahoma City, OK USA"]
[Date "2000.11.26"]
[White "RFrancisco"]
[WhiteElo "2304"]
[Black "venomous"]
[BlackElo "2378"]
[TimeControl "120+0"]
[Result "1-0"]

1. e4 e6 2. Nc3 Nc6 3. d4 Nf6 4. e5 Nd5 5. Nf3 Bb4 6. Bd2 
d6 7. Bd3 Bxc3 8. bxc3 N@b2 9. O-O Nxd1 10. Raxd1 dxe5 11. dxe5 P@g6 
12. P@h6 gxh6 13. N@g7+ Kf8 14. Bxh6 Kg8 15. c4 P@g4 16. Ng5 Q@h4 17. cxd5 
Qxh6 18. dxe6 Qdxg5 19. B@f6 g3 20. fxg3 Qe3+ 21. P@f2 N@g4 22. P@h3 Nxf2 
23. exf7+ Kxf7 24. Bc4+ P@e6 25. Rxf2 B@c5 26. N@g4 Qxf2+ 27. Nxf2 Bxf2+ 28. Kh1 
Bc5 29. P@f2 N@e4 30. Q@f3 Nxf2+ 31. Qxf2 Bxf2 32. Nxe6 Bxe6 33. Bxe6+ Kxe6 
34. P@d5+ Kf5 35. g4+ Ke4 36. B@f3+ Ke3 37. N@c4+ Kf4 38. N@e2# 
{venomous checkmated} 1-0

[Event "fics rated crazyhouse match"]
[Site "fics, Oklahoma City, OK USA"]
[Date "2000.11.26"]
[White "venomous"]
[WhiteElo "2368"]
[Black "RFrancisco"]
[BlackElo "2314"]
[TimeControl "120+0"]
[Result "1-0"]

1. e4 Nf6 2. Nc3 e6 3. d4 Bb4 4. Bd3 d5 5. exd5 exd5 6. Nf3 
P@e4 7. Ne5 exd3 8. cxd3 Nc6 9. Nxc6 bxc6 10. N@e5 N@h4 11. Rg1 B@h5 
12. P@f3 Qe7 13. P@e3 Ba6 14. Nxc6 Bxc3+ 15. bxc3 Qe6 16. Qa4 O-O 17. Qxa6 
N@c2+ 18. Kd2 Nxa1 19. B@d1 Ne4+ 20. fxe4 dxe4 21. B@c4 Qg6 22. Ne7# 
{RFrancisco resigns} 1-0

[Event "fics rated crazyhouse match"]
[Site "fics, Oklahoma City, OK USA"]
[Date "2000.11.26"]
[White "RFrancisco"]
[WhiteElo "2307"]
[Black "venomous"]
[BlackElo "2375"]
[TimeControl "120+0"]
[Result "1-0"]

1. e4 e6 2. d4 b6 3. Be3 Bb7 4. Bd3 Nf6 5. Nd2 Nc6 6. Ne2 
Be7 7. Ng3 d5 8. e5 Nd7 9. O-O Ndxe5 10. dxe5 Nxe5 11. f4 Nxd3 
12. cxd3 d4 13. Bf2 P@e3 14. Nde4 exf2+ 15. Kh1 Bxe4 16. Nxe4 N@e3 17. Qe2 
Nxf1 18. Rxf1 B@c6 19. N@h5 Rg8 20. N@e5 Bxe4 21. dxe4 B@e3 22. N@h3 R@g1+ 
23. Nxg1 fxg1=Q+ 24. Rxg1 N@f2+ 25. Qxf2 Bxf2 26. B@g6 hxg6 27. P@h7 Rh8 28. R@g8+ 
B@f8 29. Nxg7# 
{venomous checkmated} 1-0

[Event "fics rated crazyhouse match"]
[Site "fics, Oklahoma City, OK USA"]
[Date "2000.11.26"]
[White "venomous"]
[WhiteElo "2365"]
[Black "RFrancisco"]
[BlackElo "2317"]
[TimeControl "120+0"]
[Result "0-1"]

1. e4 e5 2. Nc3 Nc6 3. Nf3 Bc5 4. Bc4 Nf6 5. O-O O-O 6. d3 
d6 7. Bg5 Bg4 8. Nd5 Nxd5 9. Bxd8 Nf4 10. Bh4 Nxg2 11. Kxg2 N@f4+ 
12. Kg3 Bxf3 13. Qxf3 Nd4 14. N@h6+ gxh6 15. Qg4+ P@g5 16. h3 N@f3 
{venomous resigns} 0-1

[Event "fics rated crazyhouse match"]
[Site "fics, Oklahoma City, OK USA"]
[Date "2000.11.26"]
[White "RFrancisco"]
[WhiteElo "2326"]
[Black "Pendor"]
[BlackElo "2247"]
[TimeControl "120+0"]
[Result "1-0"]

1. e4 e5 2. Nc3 Nc6 3. Nf3 Bc5 4. Bc4 Nf6 5. O-O O-O 6. d3 
d6 7. Be3 Bxe3 8. fxe3 B@b6 9. d4 exd4 10. exd4 Bg4 11. P@e3 P@b4 
12. B@h4 bxc3 13. bxc3 Bxf3 14. Qxf3 N@d7 15. P@e6 N@d2 16. exf7+ Kh8 17. Qe2 
Nxf1 18. Rxf1 Na5 19. N@f5 Nxc4 20. Qxc4 d5 21. exd5 B@d6 22. Nxg7 R@g6 
23. Nf5 Bxh2+ 24. Kh1 Bd6 25. P@h6 Ng4 26. P@g7+ Rxg7 27. hxg7# 
{Pendor checkmated} 1-0

[Event "fics rated crazyhouse match"]
[Site "fics, Oklahoma City, OK USA"]
[Date "2000.11.26"]
[White "Pendor"]
[WhiteElo "2224"]
[Black "RFrancisco"]
[BlackElo "2332"]
[TimeControl "120+0"]
[Result "1-0"]

1. e4 e6 2. d4 Nc6 3. Nc3 Bb4 4. a3 Bxc3+ 5. bxc3 Nf6 6. Bd3 
d5 7. e5 Ne4 8. Bxe4 dxe4 9. N@h5 Rg8 10. B@g5 Qd5 11. Nh3 B@f3 
12. gxf3 exf3 13. N3f4 N@g2+ 14. Kd2 Nxf4 15. Bxf4 P@e2 16. Qg1 N@e4+ 17. Ke1 
Nxd4 18. N@f6+ gxf6 19. Qxg8+ N@f8 20. cxd4 Qxd4 21. Ng7+ Kd7 22. R@d8+ Kc6 
23. Rxd4 
{RFrancisco resigns} 1-0

[Event "fics rated crazyhouse match"]
[Site "fics, Oklahoma City, OK USA"]
[Date "2000.11.26"]
[White "RFrancisco"]
[WhiteElo "2322"]
[Black "Pendor"]
[BlackElo "2259"]
[TimeControl "120+0"]
[Result "1-0"]

1. e4 e5 2. Nf3 Nc6 3. Bc4 Bc5 4. O-O Nf6 5. c3 d5 6. d4 
exd4 7. exd5 Nxd5 8. cxd4 Bxd4 9. Nxd4 Nxd4 10. Bxd5 Qxd5 11. Nc3 Qxg2+ 
12. Kxg2 B@h3+ 13. Kg3 P@h4+ 14. Kf4 g5+ 15. Kxg5 h6+ 16. Kf4 P@g5+ 17. Ke3 
P@f4+ 18. Kd3 Bcf5+ 19. Kxd4 Rd8+ 20. N@d5 N@c6+ 21. Kc4 b5+ 22. Nxb5 Rxd5 
23. Nxc7+ Kf8 24. P@g7# 
{Pendor resigns} 1-0

[Event "fics rated crazyhouse match"]
[Site "fics, Oklahoma City, OK USA"]
[Date "2000.11.26"]
[White "Pendor"]
[WhiteElo "2238"]
[Black "RFrancisco"]
[BlackElo "2329"]
[TimeControl "120+0"]
[Result "0-1"]

1. e4 e6 2. d4 Nc6 3. Nc3 Nf6 4. e5 Nd5 5. Nxd5 exd5 6. Nf3 
d6 7. Bb5 Bd7 8. Bxc6 bxc6 9. O-O B@h5 10. N@g3 Bxf3 11. Qxf3 N@h4 
12. Qe2 dxe5 13. B@g5 P@f3 14. Qxe5+ Qe7 15. Bxe7 Bxe7 16. Bg5 B@f6 17. Bxh4 
Bxe5 18. Bxe7 fxg2 19. Bg5 N@f3+ 20. Kxg2 Nxg5 21. N@g1 B@h3+ 22. Nxh3 Bxh3+ 
23. Kg1 Nf3+ 24. Kh1 P@g2# 
{Pendor checkmated} 0-1

[Event "fics rated crazyhouse match"]
[Site "fics, Oklahoma City, OK USA"]
[Date "2000.11.26"]
[White "RFrancisco"]
[WhiteElo "2335"]
[Black "Pendor"]
[BlackElo "2220"]
[TimeControl "120+0"]
[Result "0-1"]

1. e4 e5 2. Nf3 Nc6 3. Bc4 Bc5 4. c3 Nf6 5. d4 exd4 6. cxd4 
Bxd4 7. Nxd4 Nxd4 8. Qxd4 N@c2+ 9. Kf1 Nxd4 10. Nc3 P@e6 11. B@h4 Nc2 
{RFrancisco resigns} 0-1

[Event "fics rated crazyhouse match"]
[Site "fics, Oklahoma City, OK USA"]
[Date "2000.11.26"]
[White "Pendor"]
[WhiteElo "2249"]
[Black "RFrancisco"]
[BlackElo "2325"]
[TimeControl "120+0"]
[Result "0-1"]

1. e4 d5 2. exd5 e6 3. Bb5+ c6 4. dxc6 bxc6 5. Be2 e5 6. Nf3 
e4 7. Ne5 Qd5 8. P@f4 Bc5 9. Nc3 Qd4 10. P@e3 Qxe5 11. fxe5 P@d5 
12. d4 exd3 13. Bxd3 Nd7 14. P@c7 N@e6 15. Bf5 Nxc7 16. Bxd7+ Bxd7 17. N@d6+ 
Bxd6 18. exd6 Ne6 19. B@h3 B@d8 20. Bxe6 Bxe6 21. e4 N@h4 22. exd5 Nxg2+ 
23. Kf1 cxd5 24. P@c7 B@h3 25. cxd8=Q+ Rxd8 26. N@c7+ Kf8 27. B@e7+ Nxe7 28. dxe7+ 
Kxe7 29. N3xd5+ Bxd5 30. Nxd5+ Rxd5 31. N@c6+ Kf6 32. B@e7+ Ke6 33. Qxd5+ Kxd5 
34. Q@c5+ Ke4 
{Pendor forfeits on time} 0-1

[Event "fics rated crazyhouse match"]
[Site "fics, Oklahoma City, OK USA"]
[Date "2000.11.26"]
[White "RFrancisco"]
[WhiteElo "2331"]
[Black "Pendor"]
[BlackElo "2232"]
[TimeControl "120+0"]
[Result "1-0"]

1. e4 e5 2. Nf3 Nc6 3. Bc4 Bc5 4. O-O Nf6 5. Nc3 d6 6. d3 
O-O 7. Be3 Bg4 8. h3 Bxf3 9. Qxf3 Bxe3 10. fxe3 N@d2 11. Qf2 Nxf1 
12. Rxf1 B@h6 13. B@h4 R@g6 14. N@f5 Na5 15. Nxh6+ Rxh6 16. B@g5 Rxh4 17. Bxh4 
Nxc4 18. dxc4 N@g4 19. hxg4 Nxg4 20. Bxd8 P@h2+ 21. Kh1 Nxf2+ 22. Kxh2 Ng4+ 
23. Kg3 B@h2+ 24. Kf3 Q@g3+ 25. Ke2 Qxe3+ 26. Kd1 Raxd8 27. R@f3 Qd4+ 28. P@d3 
Ne3+ 29. Rxe3 Qxe3 30. B@d2 B@h5+ 31. N@f3 Bxf3+ 32. gxf3 N@f2+ 33. Kc1 R@a1+ 
34. N@b1 P@e2 35. Re1 Qxd2+ 36. Kxd2 
{Pendor forfeits on time} 1-0

[Event "fics rated crazyhouse match"]
[Site "fics, Oklahoma City, OK USA"]
[Date "2000.11.26"]
[White "JKiller"]
[WhiteElo "2472"]
[Black "Pendor"]
[BlackElo "2277"]
[TimeControl "60+0"]
[Result "0-1"]

1. e4 e5 2. Nf3 Nc6 3. Bc4 Bc5 4. Nc3 Nf6 5. d3 O-O 6. Nd5 
Nxd5 7. Bxd5 d6 8. O-O N@f4 9. Bxf4 exf4 10. N@h5 B@h6 11. c3 Bg4 
12. Nxg7 Bxg7 13. d4 Bxf3 14. Qxf3 Bcxd4 15. Bxc6 N@e5 16. Qd1 f3 17. B@h3 
P@e2 18. Qxd4 exf1=Q+ 19. Kxf1 N@f4 20. B@f5 Nxh3 21. Bxh3 Nxc6 22. Qd3 B@e2+ 
23. Qxe2 fxe2+ 24. Kxe2 Qe7 25. P@f3 B@f4 26. B@d3 R@d2+ 27. Kf1 Ne5 28. P@e2 
Nxd3 29. N@f5 Rxe2 
{JKiller forfeits on time} 0-1

[Event "fics rated crazyhouse match"]
[Site "fics, Oklahoma City, OK USA"]
[Date "2000.11.26"]
[White "JKiller"]
[WhiteElo "2508"]
[Black "Gobi"]
[BlackElo "2310"]
[TimeControl "180+0"]
[Result "1-0"]

1. e4 e5 2. Nf3 Nc6 3. Nc3 Bc5 4. Bc4 Nf6 5. d3 d6 6. Nd5 
Nxd5 7. Bxd5 O-O 8. Bg5 Qxg5 9. Nxg5 Bxf2+ 10. Kxf2 B@h4+ 11. B@g3 Bxg5 
12. c3 P@h4 13. Qh5 hxg3+ 14. hxg3 B@e3+ 15. Kf1 Bh6 16. Bxc6 bxc6 17. P@e7 
N@d2+ 18. Ke1 N@c2+ 19. Kd1 B@g4+ 20. Kxc2 Bxh5 21. exf8=Q+ Kxf8 22. Q@d8# 
{Gobi resigns} 1-0

[Event "fics rated crazyhouse match"]
[Site "fics, Oklahoma City, OK USA"]
[Date "2000.11.26"]
[White "Gobi"]
[WhiteElo "2306"]
[Black "JKiller"]
[BlackElo "2514"]
[TimeControl "180+0"]
[Result "1-0"]

1. e4 e6 2. d4 Nc6 3. Nf3 Nf6 4. Bg5 Be7 5. Bd3 h6 6. Bxf6 
Bxf6 7. e5 Be7 8. N@h5 Bf8 9. h3 d6 10. exd6 cxd6 11. Nc3 P@f5 
12. O-O Bd7 13. Re1 B@g6 14. Nf4 Be7 15. d5 exd5 16. Ncxd5 P@e4 17. P@b5 
Ne5 18. Nxe5 dxe5 19. Nxg6 fxg6 20. N@c7+ Kf8 21. Nxe7 Qxe7 22. Bxe4 fxe4 
23. B@d6 B@c5 24. Bxe7+ Kxe7 25. Qxd7+ Kxd7 26. B@e6+ Kxc7 27. Q@d7+ Kb6 28. B@c7# 
{JKiller checkmated} 1-0

[Event "fics rated crazyhouse match"]
[Site "fics, Oklahoma City, OK USA"]
[Date "2000.11.26"]
[White "JKiller"]
[WhiteElo "2497"]
[Black "Gobi"]
[BlackElo "2318"]
[TimeControl "180+0"]
[Result "1-0"]

1. e4 e5 2. Nf3 Nc6 3. Bc4 Bc5 4. d3 Nf6 5. Nc3 O-O 6. Nd5 
Ng4 7. O-O h6 8. c3 d6 9. d4 Bb6 10. dxe5 dxe5 11. Nxb6 axb6 
12. P@g6 N@d6 13. Bxf7+ Nxf7 14. Qxd8 Rxd8 15. gxf7+ Kxf7 16. N@g5+ hxg5 17. Nxg5+ 
Ke7 18. P@d6+ Rxd6 19. Q@f7+ Kd8 20. Qf8+ B@e8 21. Nf7+ Kd7 22. B@f5+ P@e6 
23. Bxg4 N@f6 24. P@d5 Nxg4 25. dxc6+ Kxc6 26. Qxe8+ B@d7 27. N@b4+ Kb5 28. B@e2+ 
P@c4 29. Nxd6+ cxd6 30. Bxc4+ Kxc4 31. b3+ Kxc3 32. R@c4# 
{Gobi checkmated} 1-0

[Event "fics rated crazyhouse match"]
[Site "fics, Oklahoma City, OK USA"]
[Date "2000.11.26"]
[White "Gobi"]
[WhiteElo "2314"]
[Black "JKiller"]
[BlackElo "2503"]
[TimeControl "180+0"]
[Result "0-1"]

1. e4 e6 2. d4 Nc6 3. Nf3 d5 4. e5 f6 5. Bb5 Ne7 6. exf6 
gxf6 7. P@g5 P@g7 8. O-O Bd7 9. Re1 Nf5 10. Nc3 Be7 11. g4 Nfxd4 
12. Nxd4 Nxd4 13. Bxd7+ Qxd7 14. B@g2 P@f3 15. Bf1 B@g2 16. Bxg2 fxg2 17. Re3 
B@f3 18. Rxf3 Nxf3+ 19. Qxf3 N@h4 20. B@f7+ Kd8 21. Qxg2 Nxg2 22. N@d4 Nh4 
23. B@f1 R@e1 24. P@g2 fxg5 25. Bxe6 Rxe6 26. N@f7+ Kc8 27. Nxh8 Bc5 28. Bxg5 
Bxd4 29. Bxh4 P@e3 30. fxe3 Bxe3+ 31. P@f2 Bxf2+ 32. Bxf2 P@e3 33. Bxe3 Rxe3 
34. B@h4 B@b6 35. P@f2 N@f3+ 36. gxf3 Rxf3 
{Gobi forfeits on time} 0-1

[Event "fics rated crazyhouse match"]
[Site "fics, Oklahoma City, OK USA"]
[Date "2000.11.26"]
[White "JKiller"]
[WhiteElo "2508"]
[Black "Gobi"]
[BlackElo "2310"]
[TimeControl "180+0"]
[Result "1-0"]

1. e4 Nc6 2. d4 e5 3. dxe5 Nxe5 4. P@d4 Ng6 5. Nc3 d6 6. Nf3 
Be7 7. Bc4 Nf6 8. Bxf7+ Kxf7 9. e5 Ng4 10. P@h5 Nh4 11. Nxh4 Bxh4 
12. Qf3+ P@f5 13. Ne4 dxe5 14. N@g5+ Kf8 15. Qxg4 fxg4 16. N@e6+ Bxe6 17. Nxe6+ 
Ke7 18. Nxd8 Kxd8 19. B@g5+ B@e7 20. dxe5 Q@d4 21. Bxe7+ Bxe7 22. Q@d2 Qxd2+ 
23. Bxd2 Q@d4 24. Q@e3 Qxb2 25. B@c3 Qxa1+ 26. Bxa1 R@b1+ 27. Bc1 N@d5 28. Qd2 
B@b4 29. P@c3 N@e6 30. Qxd5# 
{Gobi resigns} 1-0

[Event "fics rated crazyhouse match"]
[Site "fics, Oklahoma City, OK USA"]
[Date "2000.11.26"]
[White "Gobi"]
[WhiteElo "2306"]
[Black "JKiller"]
[BlackElo "2513"]
[TimeControl "180+0"]
[Result "0-1"]

1. e4 e6 2. d4 d5 3. e5 c5 4. Nf3 Nc6 5. Bb5 Bd7 6. Bxc6 
bxc6 7. Be3 cxd4 8. Nxd4 P@f6 9. P@d6 B@a5+ 10. Bd2 fxe5 11. Bxa5 Qxa5+ 
12. B@d2 Qxd2+ 13. Nxd2 Bxd6 14. N4b3 B@a6 15. Qg4 B@h6 16. Qa4 Bb5 17. Qa5 
Nf6 18. N@c7+ Bxc7 19. Qxc7 O-O 20. Qxe5 N@g4 21. Qd6 Nxf2 22. Kxf2 P@e3+ 
23. Kg3 exd2 24. Qe7 N@f5# 
{Gobi resigns} 0-1

[Event "fics rated crazyhouse match"]
[Site "fics, Oklahoma City, OK USA"]
[Date "2000.11.26"]
[White "JKiller"]
[WhiteElo "2518"]
[Black "Gobi"]
[BlackElo "2302"]
[TimeControl "180+0"]
[Result "0-1"]

1. e4 Nc6 2. d4 Nf6 3. e5 Ne4 4. Be3 d6 5. Bd3 Nxf2 6. Bxf2 
dxe5 7. dxe5 Nxe5 8. Nf3 Ng4 9. O-O Nxf2 10. Rxf2 B@e3 11. Nc3 e6 
12. Qe2 Bfc5 13. N@h5 Bxf2+ 14. Kh1 Bfd4 15. P@e5 Bxc3 16. Nxg7+ Kf8 17. bxc3 
R@g6 18. Bxg6 hxg6 19. B@g3 Kxg7 20. P@f6+ Kg8 21. Rd1 Bd7 22. Ng5 N@f5 
23. R@g7+ Nxg7 24. fxg7 Kxg7 25. N@e4 Be7 26. Nxe6+ fxe6 27. P@f6+ Kf7 28. N@g5+ 
Kg8 29. fxe7 Qxe7 30. Rxd7 R@b1+ 31. B@f1 N@f4 
{JKiller forfeits on time} 0-1

[Event "fics rated crazyhouse match"]
[Site "fics, Oklahoma City, OK USA"]
[Date "2000.11.26"]
[White "Gobi"]
[WhiteElo "2314"]
[Black "JKiller"]
[BlackElo "2502"]
[TimeControl "180+0"]
[Result "1-0"]

1. e4 e6 2. d4 d5 3. e5 c5 4. Nf3 Nc6 5. dxc5 Bxc5 6. P@d4 
Bb4+ 7. c3 Bf8 8. Be3 f6 9. Bb5 P@e4 10. Nfd2 Bd7 11. Bxc6 bxc6 
12. O-O B@c7 13. f4 Ne7 14. exf6 gxf6 15. Na3 Nf5 16. Qe1 Rg8 17. P@g5 
Bxa3 18. bxa3 Nxe3 19. Qxe3 N@f5 20. Qh3 B@e3+ 21. Kh1 Bxd2 22. Qxh7 Rg7 
23. B@g6+ P@f7 24. Bxf5 Rxh7 25. Bxh7 Bdxf4 26. R@g8+ N@f8 27. N@g7+ Ke7 28. gxf6+ 
Kxf6 29. Nh5+ Ke7 30. P@f6# 
{JKiller resigns} 1-0

[Event "fics rated crazyhouse match"]
[Site "fics, Oklahoma City, OK USA"]
[Date "2000.11.26"]
[White "JKiller"]
[WhiteElo "2487"]
[Black "Gobi"]
[BlackElo "2326"]
[TimeControl "180+0"]
[Result "0-1"]

1. e4 e5 2. Nf3 Nc6 3. Bc4 Bc5 4. d3 d6 5. Nc3 Nf6 6. Nd5 
Nxd5 7. Bxd5 O-O 8. O-O Bg4 9. c3 N@h4 10. N@g5 Nxf3+ 11. gxf3 N@h3+ 
12. Nxh3 Bxh3 13. N@g5 Bxf1 14. Qxf1 R@g6 15. N@h3 N@f4 16. Bxf4 exf4 17. B@f5 
Rxg5+ 18. Nxg5 Qxg5+ 19. R@g2 N@d2 20. Rxg5 Nxf3+ 21. Kh1 Nxg5 22. Bxh7+ Kxh7 
23. Bxf7 Rxf7 24. P@g6+ Kxg6 25. N@h4+ Kh5 26. Q@h3 Nxh3 27. Qxh3 P@g4 28. Qg2 
P@h3 29. Qg1 Kxh4 
{JKiller forfeits on time} 0-1

[Event "fics rated crazyhouse match"]
[Site "fics, Oklahoma City, OK USA"]
[Date "2000.11.26"]
[White "Gobi"]
[WhiteElo "2337"]
[Black "JKiller"]
[BlackElo "2473"]
[TimeControl "180+0"]
[Result "1-0"]

1. e4 e6 2. d4 d5 3. e5 c5 4. Nf3 Nc6 5. Be3 cxd4 6. Bxd4 
P@e4 7. P@b5 exf3 8. bxc6 fxg2 9. Bxg2 bxc6 10. P@d6 N@b5 11. Nc3 Nxd6 
12. exd6 Qxd6 13. N@b5 cxb5 14. Nxb5 Qb4+ 15. Bc3 Qxb5 16. N@c7+ Kd8 17. Nxb5 
N@a6 18. P@d6 N@c6 19. Bxd5 exd5 20. Qxd5 B@e8 21. P@c7+ Kd7 22. Qxc6+ Kxc6 
23. N@d8+ Kb6 24. P@a5+ Kxb5 25. a4+ Kc5 26. Q@d4# 
{JKiller checkmated} 1-0

[Event "fics rated crazyhouse match"]
[Site "fics, Oklahoma City, OK USA"]
[Date "2000.11.26"]
[White "JKiller"]
[WhiteElo "2460"]
[Black "Gobi"]
[BlackElo "2348"]
[TimeControl "180+0"]
[Result "1-0"]

1. e4 e5 2. Nf3 Nc6 3. Bc4 Bc5 4. d3 Nf6 5. Nc3 d6 6. Nd5 
Nxd5 7. Bxd5 O-O 8. Bg5 Qxg5 9. Nxg5 Bxf2+ 10. Kxf2 B@h4+ 11. B@g3 Bxg5 
12. Qh5 N@g4+ 13. Kg1 N@e2+ 14. Kf1 Nxg3+ 15. hxg3 Bh6 16. Bxc6 bxc6 17. N@e7+ 
Kh8 18. Nxc6 Ne3+ 19. Kg1 B@c5 20. Qxh6 Ng4+ 21. P@d4 Nxh6 22. B@e3 Q@e2 
23. Q@f2 Qxf2+ 24. Bxf2 P@h3 25. gxh3 exd4 26. P@g2 P@e3 27. Rf1 exf2+ 28. Rxf2 
B@e3 29. N@d1 B@e1 30. Q@f1 B1xf2+ 31. Nxf2 Bxf2+ 32. Qxf2 
{Gobi forfeits on time} 1-0

[Event "fics rated crazyhouse match"]
[Site "fics, Oklahoma City, OK USA"]
[Date "2000.11.26"]
[White "Gobi"]
[WhiteElo "2342"]
[Black "JKiller"]
[BlackElo "2466"]
[TimeControl "180+0"]
[Result "1-0"]

1. e4 e6 2. d4 Nc6 3. Nf3 d5 4. e5 f6 5. Bb5 Bd7 6. Bxc6 
bxc6 7. Nc3 Ne7 8. Ne2 Nf5 9. Ng3 B@e4 10. Nxf5 exf5 11. N@h5 Qe7 
12. O-O fxe5 13. Nxe5 Bxg2 14. Kxg2 N@h4+ 15. Kh3 P@g4+ 16. Kg3 P@f3 17. P@f7+ 
Kd8 18. B@g5 f4+ 19. Bcxf4 Nf5+ 20. Kxg4 Nxd4+ 21. Nxd7 P@f6 22. Ndxf6 gxf6 
23. Qxd4 fxg5 24. Bxg5 B@d7+ 25. P@f5 Bxf5+ 26. Kxf5 P@g6+ 27. Kg4 gxh5+ 28. Kxh5 
N@g7+ 29. Kg4 h5+ 30. Kxf3 Qxg5 31. B@f6+ Be7 32. Bxg5 Bxg5 33. B@f6+ B@e7 
34. N@e5 Bexf6 35. Q@d7# 
{JKiller checkmated} 1-0